 Dungeon Crawl Stone Soup version 0.20.1-1-g8b1a95d (webtiles) character file.

84 goulibeur the Unweaver (level 4, -3/35 HPs)
             Began as a Demonspawn Abyssal Knight on Oct 23, 2017.
             Was a Follower of Lugonu.
             Slain by Crazy Yiuf
             ... wielding a +4 quarterstaff of chaos
              (9 damage)
             ... on level 2 of the Dungeon.
             The game lasted 00:07:24 (2265 turns).

goulibeur the Unweaver (Demonspawn Abyssal Knight)  Turns: 2265, Time: 00:07:24

Health: -3/35      AC: 10    Str: 12    XL:     4   Next: 23%
Magic:  7/7        EV:  5    Int: 13    God:    Lugonu [*.....]
Gold:   103        SH:  2    Dex: 14    Spells: 3/3 levels left

rFire    . . .     SeeInvis .   a - +1 short sword
rCold    + . .     Gourm    .   (no shield)
rNeg     . . .     Faith    .   r - +0 chain mail
rPois    .         Spirit   .   (no helmet)
rElec    .         Reflect  +   (no cloak)
rCorr    .         Harm     .   (no gloves)
MR       .....                  (no boots)
Stlth    ..........             e - +2 amulet of reflection
Regen    0.2/turn               h - ring of flight
MPRegen  0.1/turn               (no ring)

@: drained
A: yellow scales 1, cold resistance 1, powered by death 1
a: Depart the Abyss, Renounce Religion, Evoke Flight


You were on level 2 of the Dungeon.
You worshipped Lugonu.
Lugonu was aware of your devotion.
You were not hungry.

You visited 1 branch of the dungeon, and saw 2 of its levels.
You visited the Abyss 1 time.

You collected 103 gold pieces.

Inventory:

Hand Weapons
 a - a +1 short sword (weapon)
Armour
 b - a +0 leather armour
 m - a +0 ring mail
 r - a +0 chain mail (worn)
Jewellery
 e - a +2 amulet of reflection (around neck)
 h - a ring of flight (left hand)
 o - an uncursed amulet of harm {unknown}
Scrolls
 k - a scroll of enchant armour {unknown}
 l - 4 scrolls of remove curse {unknown}
 n - a scroll of teleportation {unknown}
 p - 2 scrolls of identify
 s - a scroll of fear {unknown}
 t - a scroll of enchant weapon {unknown}
Potions
 f - a potion of degeneration
 g - a potion of berserk rage {unknown}
 i - a potion of cancellation {unknown}
 j - 4 potions of heal wounds {unknown}
 q - a potion of curing {unknown}
Comestibles
 c - 2 bread rations
 d - 2 chunks of flesh


   Skills:
 + Level 3.5(3.2) Fighting
 - Level 1.7(1.4) Short Blades
 + Level 2.3(2.0) Armour
 + Level 1.8(1.5) Dodging
 * Level 4.0(3.7) Invocations


You had 3 spell levels left.
You didn't know any spells.

Dungeon Overview and Level Annotations

Branches:
Dungeon (2/15)

Altars:
Gozag
Makhleb
Qazlal
Vehumet
Xom
Yredelemnul

Annotations:
D:2 Crazy Yiuf


Innate Abilities, Weirdness & Mutations

You are partially covered in yellow scales. (AC +2)
Your flesh is cold resistant. (rC+)
You regenerate a little health from kills.


Message History

Crazy Yiuf is moderately wounded.
You hit Crazy Yiuf.
Crazy Yiuf is moderately wounded.
Crazy Yiuf drinks a potion.
Crazy Yiuf seems to grow stronger.
You hit Crazy Yiuf.
Crazy Yiuf is heavily wounded.
Crazy Yiuf hits you but does no damage.
You hit Crazy Yiuf but do no damage.
Crazy Yiuf is heavily wounded.
Crazy Yiuf hits you with a quarterstaff of chaos!
You hit Crazy Yiuf but do no damage.
Crazy Yiuf is heavily wounded.
Crazy Yiuf hits you with a quarterstaff of chaos!
* * * LOW HITPOINT WARNING * * *
Crazy Yiuf freezes you.
* * * LOW HITPOINT WARNING * * *
You hit Crazy Yiuf.
Crazy Yiuf is severely wounded.
Crazy Yiuf hits you with a quarterstaff of chaos!
You die...

#########.# #.##.
#.# #.##. ###.#
#.##. #...###.##.
#.......##.
########
#...######.
##.+..#)### ####
#...######.
##.....)#.)##.).#
#..........
#....PP####.@g).#
#.########.
#...+.## ###)))#
#.# #. #.#####
#### #.# #. #.#
#.# #. #.# ### #.
#.# ####### #.
#.# #.#.#.# ##.
#.# #.#.#.####
#.. #.#
#.#.#....## #.#


You could see Crazy Yiuf.

Vanquished Creatures
  Terence (D:2)
  An adder (D:2)
  2 dart slugs (D:1)
  3 leopard geckos
  2 giant cockroaches
  2 goblins
  7 hobgoblins
  3 jackals (D:1)
  6 bats
  5 frilled lizards
  2 kobolds (D:1)
  8 rats
42 creatures vanquished.

Notes
Turn   | Place    | Note
-------+----------+-------------------------------------------
     0 | Abyss:1  | goulibeur the Demonspawn Abyssal Knight began the quest for the Orb.
     0 | Abyss:1  | Reached XP level 1. HP: 18/18 MP: 2/2
    29 | Abyss:1  | Noticed an eye of draining
    30 | D:1      | Escaped the Abyss
   160 | D:1      | Reached * piety under Lugonu
   160 | D:1      | Reached skill level 1 in Dodging
   160 | D:1      | Reached skill level 3 in Invocations
   185 | D:1      | Gained mutation: You regenerate a little health from kills. [demonic ancestry]
   185 | D:1      | Reached XP level 2. HP: 22/24 MP: 4/4
   830 | D:1      | Gained mutation: Your flesh is cold resistant. (rC+) [demonic ancestry]
   830 | D:1      | Reached XP level 3. HP: 28/29 MP: 5/5
  1192 | D:2      | Found a burning altar of Makhleb.
  1194 | D:2      | Found a bloodstained altar of Trog.
  1194 | D:2      | Found a basalt altar of Yredelemnul.
  1196 | D:2      | Found a shimmering altar of Xom.
  1196 | D:2      | Found a stormy altar of Qazlal.
  1196 | D:2      | Found a shimmering altar of Xom.
  1304 | D:2      | Found a runed door.
  1398 | D:2      | Found a radiant altar of Vehumet.
  1398 | D:2      | Noticed Terence
  1418 | D:2      | Killed Terence
  1418 | D:2      | Reached skill level 4 in Invocations
  1617 | D:2      | Gained mutation: You are partially covered in yellow scales. (AC +2) [demonic ancestry]
  1617 | D:2      | Reached XP level 4. HP: 30/35 MP: 7/7
  1938 | D:2      | Found an opulent altar of Gozag.
  1938 | D:2      | Found a basalt altar of Yredelemnul.
  2257 | D:2      | Noticed Crazy Yiuf
  2265 | D:2      | Slain by Crazy Yiuf

Skill      XL: |  1  2  3 |
---------------+----------+-----
Dodging        | 1 |  1.8
Invocations    | 3 4 |  4.0
Armour         | 2 |  2.3
Fighting       | |  3.5
Short Blades   | |  1.7

Action                   |  1- 3 |  4- 6 || total
-------------------------+-------+-------++-------
Melee: Short sword       |   126 |    38 ||   164
Invok: Depart the Abyss  |     1 |       ||     1
  Use: Scroll            |     1 |       ||     1
  Eat: Chunk             |     2 |     2 ||     4
Armor: Leather armour    |    32 |       ||    32
       Ring mail         |    10 |     5 ||    15
       Chain mail        |       |    13 ||    13
Dodge: Dodged            |    69 |    15 ||    84
Block: Other             |     6 |     1 ||     7
